 Dungeon Crawl Stone Soup version 0.21.1-1-g345015f (webtiles) character file.

26102 sankara the Unseen (level 12, -9/58 HPs)
             Began as a Spriggan Enchanter on Feb 15, 2018.
             Was an Initiate of Gozag.
             Killed from afar by an ice statue (20 damage)
             ... with a bolt of cold
             ... in an ice cave.
             The game lasted 01:33:10 (19239 turns).

sankara the Unseen (Spriggan Enchanter)            Turns: 19239, Time: 01:33:11

Health: -9/58      AC:  3    Str:  9    XL:     12   Next: 95%
Magic:  23/34      EV: 30    Int: 19    God:    Gozag
Gold:   2961       SH:  7    Dex: 19    Spells: 13/27 levels left

rFire    + . .     SeeInvis +   a - +3 dagger (venom)
rCold    . . .     Gourm    .   I - +0 buckler {rF+}
rNeg     . . .     Faith    .   y - +1 robe
rPois    .         Spirit   .   (helmet restricted)
rElec    .         Reflect  .   (no cloak)
rCorr    .         Harm     .   (gloves unavailable)
MR       ++...                  (boots unavailable)
Stlth    +++++++...             E - amulet of regeneration
HPRegen  0.59/turn              B - ring of magical power
MPRegen  0.24/turn              L - +5 ring of strength

@: very quick
A: very small, unfitting armour, see invisible, herbivore, speed 3, slow
metabolism 2
a: Potion Petition, Call Merchant, Bribe Branch, Renounce Religion


You were in an ice cave.
You worshipped Gozag.
Gozag was most pleased with you.
You were not hungry.

You visited 3 branches of the dungeon, and saw 15 of its levels.
You also visited: Ice Cave.

You collected 3037 gold pieces.
You paid 76 gold pieces to Gozag.

Inventory:

Hand Weapons
 a - a +3 dagger of venom (weapon)
 b - a +0 blowgun
 c - a +0 hunting sling
 d - a +1 dagger of protection
 J - a +1 short sword of freezing
 Q - a +2 dagger of venom
 T - a +2 scimitar of flaming
Missiles
 e - 18 tomahawks (quivered)
 g - 481 stones
 k - 76 sling bullets
 l - 3 steel tomahawks
 r - 7 throwing nets
 x - 93 poisoned needles
 V - 5 curare-tipped needles
Armour
 y - a +1 robe (worn)
 D - the cursed +0 robe of the First Snow {rC- rN+++}
   (You found it on level 7 of the Dungeon)

   It makes you vulnerable to cold.
   It renders you almost immune to negative energy.
   It has a curse placed upon it.
 I - a +0 buckler of fire resistance (worn)
Magical Staves
 S - an uncursed staff of air {unknown}
Jewellery
 B - a ring of magical power (left hand)
 E - an amulet of regeneration (around neck)
 L - a +5 ring of strength (right hand)
 N - an uncursed ring of wizardry
Wands
 q - a wand of digging (18)
 t - a wand of acid (14)
 O - a wand of paralysis (13)
 R - a wand of iceblast (11)
 U - a wand of flame (41)
 W - a wand of scattershot (2)
Scrolls
 h - 4 scrolls of enchant armour
 j - 3 scrolls of remove curse
 o - 2 scrolls of enchant weapon
 s - 3 scrolls of identify
 v - 13 scrolls of teleportation
 F - 2 scrolls of amnesia
Potions
 f - 6 potions of lignification
 i - a potion of magic
 m - 3 potions of haste {unknown}
 n - 3 potions of invisibility {unknown}
 p - 7 potions of curing
 z - a potion of brilliance {unknown}
 A - 2 potions of agility
 C - 3 potions of berserk rage {unknown}
 G - 3 potions of cancellation {unknown}
 H - 5 potions of heal wounds {unknown}
 K - a potion of ambrosia {unknown}
 M - 2 potions of flight {unknown}
Books
 w - a book of Necromancy

   Spells                             Type                      Level
   a - Pain                           Necromancy                   1
   b - Animate Skeleton               Necromancy                   1
   c - Vampiric Draining              Necromancy                   3
   d - Regeneration                   Charms/Necromancy            3
   e - Animate Dead                   Necromancy                   4
   f - Borgnjor's Vile Clutch         Necromancy/Earth             5
Miscellaneous
 P - a fan of gales
Comestibles
 u - 9 rations


   Skills:
 + Level 4.7 Fighting
 + Level 6.0 Short Blades
 + Level 13.3 Dodging
 + Level 19.4 Stealth
 - Level 4.0 Shields
 - Level 8.1 Spellcasting
 - Level 1.1 Conjurations
 - Level 8.0 Hexes
 - Level 5.2 Charms
 - Level 1.0 Necromancy
 - Level 1.1 Ice Magic
 + Level 6.4 Evocations


You had 13 spell levels left.
You knew the following spells:

 Your Spells              Type           Power        Failure   Level  Hunger
a - Ensorcelled Hibernat  Hex/Ice        ####..       2%          2    None
b - Confuse               Hex            #####...     1%          3    None
c - Tukima's Dance        Hex            #####...     1%          3    None
d - Dazzling Spray        Conj/Hex       ####..       4%          3    None
e - Regeneration          Chrm/Necr      ###.......   9%          3    None


Dungeon Overview and Level Annotations

Branches:
Dungeon (11/15)            Temple (1/1) D:5            Lair (3/6) D:9
  Swamp (0/4) Lair:2          Orc (0/2) D:11
  Snake: Lair:2-4    Spider: Lair:2-4

Altars:
Ashenzari
Cheibriados
Dithmenos
Elyvilon
Fedhas
Gozag
Hepliaklqana
Kikubaaqudgha
Makhleb
Nemelex Xobeh
Okawaru
Qazlal
Ru
Sif Muna
Trog
Uskayaw
Vehumet
Wu Jian
Xom
Yredelemnul
Zin
The Shining One

Shops:
D:9 [   D:10 }*=}=

Annotations:
IceCv exclusion: 2 ice statues


Innate Abilities, Weirdness & Mutations

You are very small and have problems with some larger weapons.
You are too small for most types of armour.
You have supernaturally acute eyesight. (SInv)
You are a herbivore.
You cover ground extremely quickly.
You need consume almost no food.


Message History

The ice statue is heavily damaged.
You are engulfed in freezing vapours.
The ice statue gestures at you. The freezing blast misses you.
Casting: Dazzling Spray
Confirm with . or Enter, or press ? or * to list all spells.
Aiming: Dazzling Spray
Press: ? - help, Shift-Dir - straight line, f/p - ice statue
Aim: an ice statue (freezing vapour, heavily damaged)
The spray of energy hits the ice statue.
The ice statue is heavily damaged.
You are engulfed in freezing vapours.
* * * LOW HITPOINT WARNING * * *
Okay, then.
You feel better.
You are engulfed in freezing vapours.
* * * LOW HITPOINT WARNING * * *
The ice statue gestures at you. The bolt of cold hits you!
You die...
Your body crumbles into a pile of gold.

...............#
#..........(....#
#.......⌠.......#
#...............#
#...............#
#.............#
#.......§§§§..#
#......§§@§.#
##8#....§#8##
##...#### ##...#
#...## #...##
##...# ##...##
##.....##


You could see 2 ice statues.

Vanquished Creatures
  The ghost of letownia2 the Impaler, a journeyman MfGl of Nemelex Xobeh (D:11)
  2 hydras (D:11)
  Erica (Lair:2)
  5 two-headed ogres
  Nergalle (Lair:1)
  Sonja (Lair:3)
  2 unseen horrors (D:11)
  A manticore (D:11)
  The ghost of Lovchig the Chopper, a novice DDFi (D:7)
  Psyche (D:8)
  4 spiny frogs
  A rime drake (Lair:3)
  3 komodo dragons
  5 ice devils
  2 trolls (D:9)
  A hornet (D:10)
  A hippogriff (D:11)
  15 yaks
  A wyvern (Lair:3)
  A basilisk (Lair:3)
  4 hungry ghosts
  Grum (D:9)
  10 water moccasins
  3 porcupines
  5 sky beasts
  The ghost of p0werm0de the Sneak, an amateur FeCK of Xom (D:4)
  5 orc warriors
  3 phantoms
  5 ogres
  18 wolves
  A necrophage (D:5)
  6 crocodiles
  5 centaurs
  A big kobold (D:9)
  13 bullfrogs
  2 gnoll sergeants
  A wyvern zombie (D:11)
  A water moccasin skeleton (D:9)
  A scorpion (D:11)
  9 killer bees
  9 wights
  7 electric eels
  3 howler monkeys (D:9)
  5 crimson imps
  A bullfrog zombie (D:11)
  A gnoll shaman (D:7)
  4 hounds
  4 jellies
  13 orc priests
  A centaur skeleton (D:5)
  13 orc wizards
  A bullfrog skeleton (D:9)
  5 iguanas
  8 worker ants
  3 hound zombies
  A hound skeleton (D:6)
  14 adders
  19 gnolls
  2 shadow imps (D:6)
  2 oozes
  An adder skeleton (D:5)
  A worm (D:2)
  3 dart slugs
  35 orcs
  2 giant cockroaches
  5 goblins
  10 hobgoblins
  15 jackals
  19 kobolds
  4 quokkas
  2 ball pythons
  12 bats
  4 frilled lizards
  A jackal skeleton (D:8)
  A leopard gecko skeleton (D:8)
  A quokka skeleton (D:5)
  8 rats
385 creatures vanquished.

Vanquished Creatures (collateral kills)
  4 wights
4 creatures vanquished.

Vanquished Creatures (others)
  A dancing weapon (D:7)
  16 plants
17 creatures vanquished.

Grand Total: 406 creatures vanquished

Notes
Turn   | Place    | Note
-------+----------+-------------------------------------------
     0 | D:1      | sankara the Spriggan Enchanter began the quest for the Orb.
     0 | D:1      | Reached XP level 1. HP: 9/9 MP: 5/5
   284 | D:1      | Reached XP level 2. HP: 4/13 MP: 4/6
   288 | D:1      | Learned a level 2 spell: Ensorcelled Hibernation
   882 | D:1      | Reached skill level 5 in Stealth
  1604 | D:1      | Reached XP level 3. HP: 16/16 MP: 3/8
  1609 | D:1      | Learned a level 3 spell: Confuse
  2180 | D:2      | Reached XP level 4. HP: 21/21 MP: 0/10
  2994 | D:2      | Reached skill level 6 in Stealth
  3821 | D:3      | Reached XP level 5. HP: 17/24 MP: 9/12
  4296 | D:4      | Noticed p0werm0de's ghost (amateur FeCK)
  4434 | D:4      | Killed p0werm0de's ghost
  4434 | D:4      | Reached skill level 7 in Stealth
  4434 | D:4      | Reached skill level 5 in Hexes
  4434 | D:4      | Reached XP level 6. HP: 17/28 MP: 7/14
  4440 | D:4      | Learned a level 3 spell: Tukima's Dance
  4444 | D:4      | Learned a level 3 spell: Dazzling Spray
  4673 | D:4      | Reached skill level 5 in Spellcasting
  5594 | D:5      | Entered Level 5 of the Dungeon
  5596 | D:5      | Noticed a sky beast
  5625 | D:5      | Killed a sky beast
  5625 | D:5      | Reached skill level 8 in Stealth
  5625 | D:5      | Reached XP level 7. HP: 32/32 MP: 12/16
  5954 | D:5      | Found a burning altar of Makhleb.
  6074 | D:5      | HP: 1/32 [orc priest/divine providence (15)]
  6500 | D:5      | Reached skill level 9 in Stealth
  6561 | D:5      | Reached skill level 1 in Fighting
  6727 | D:5      | Reached XP level 8. HP: 37/37 MP: 17/18
  6898 | D:5      | Found a staircase to the Ecumenical Temple.
  6903 | Temple   | Entered the Ecumenical Temple
  7038 | Temple   | Became a worshipper of Gozag Ym Sagoz the Greedy
  7212 | D:3      | Learned a level 3 spell: Regeneration
  8541 | D:6      | Reached skill level 10 in Stealth
  8541 | D:6      | Reached skill level 1 in Charms
  8606 | D:6      | Found a blossoming altar of Fedhas.
  9376 | D:6      | Reached skill level 5 in Dodging
  9951 | D:7      | Reached XP level 9. HP: 41/41 MP: 15/19
 10056 | D:7      | Reached skill level 1 in Necromancy
 10068 | D:7      | Noticed Lovchig's ghost (novice DDFi)
 10070 | D:7      | Reached skill level 11 in Stealth
 10070 | D:7      | Reached skill level 1 in Conjurations
 10070 | D:7      | Reached skill level 1 in Ice Magic
 10095 | D:7      | Killed Lovchig's ghost
 10616 | D:7      | Reached skill level 5 in Short Blades
 10747 | D:7      | Reached skill level 12 in Stealth
 10747 | D:7      | Reached skill level 1 in Evocations
 10838 | D:7      | Got a faintly glowing robe
 10839 | D:7      | Identified the cursed +0 robe of the First Snow {rC- rN+++} (You found it on level 7 of the Dungeon)
 11224 | D:8      | Noticed a two-headed ogre
 11225 | D:8      | Killed a two-headed ogre
 11225 | D:8      | Reached XP level 10. HP: 45/45 MP: 23/23
 11499 | D:8      | Noticed a two-headed ogre
 11506 | D:8      | Killed a two-headed ogre
 11506 | D:8      | Reached skill level 5 in Charms
 11632 | D:8      | Got a warped cloak
 11724 | D:8      | Noticed Psyche
 12064 | D:8      | Killed Psyche
 12095 | D:9      | Noticed a two-headed ogre
 12160 | D:9      | Found Ixaezies's Armour Shop.
 12170 | D:9      | Reached skill level 13 in Stealth
 12372 | D:9      | Reached skill level 5 in Evocations
 12662 | D:9      | Reached skill level 10 in Dodging
 12710 | D:9      | Noticed Grum
 12856 | D:9      | Killed Grum
 12891 | D:9      | Found a staircase to the Lair.
 13009 | D:9      | Reached XP level 11. HP: 53/53 MP: 24/24
 13252 | D:9      | Reached skill level 14 in Stealth
 13526 | D:10     | Entered Level 10 of the Dungeon
 13872 | D:10     | Identified the cursed -3 cloak "Cuucy" {Regen+} (You found it on level 8 of the Dungeon)
 13954 | D:10     | Found Mekhatzi's General Store.
 14025 | D:10     | Found Qostreli's Gadget Shop.
 14156 | D:10     | Found Vacesm's Jewellery Shop.
 14218 | D:10     | Noticed a two-headed ogre
 14225 | D:10     | Killed a two-headed ogre
 14289 | D:10     | Found Yffoth's Jewellery Shop.
 14302 | D:10     | Noticed a two-headed ogre
 14308 | D:10     | Killed a two-headed ogre
 14308 | D:10     | Reached skill level 15 in Stealth
 14420 | D:10     | Found Koured's Gadget Boutique.
 14917 | D:11     | Reached skill level 16 in Stealth
 14948 | D:11     | Noticed a seven-headed hydra
 14969 | D:11     | Killed a seven-headed hydra
 14975 | D:11     | Killed a two-headed ogre
 14975 | D:11     | Reached skill level 17 in Stealth
 15055 | D:11     | Noticed an unseen horror
 15059 | D:11     | Killed an unseen horror
 15319 | D:11     | Noticed a four-headed hydra
 15323 | D:11     | Killed a four-headed hydra
 15386 | D:11     | Found a staircase to the Orcish Mines.
 15400 | D:11     | Noticed an unseen horror
 15411 | D:11     | Killed an unseen horror
 15411 | D:11     | Reached skill level 18 in Stealth
 15411 | D:11     | Reached XP level 12. HP: 47/58 MP: 25/25
 15481 | D:11     | Noticed letownia2's ghost (journeyman MfGl)
 15521 | D:11     | Killed letownia2's ghost
 16257 | Lair:1   | Entered Level 1 of the Lair of Beasts
 16261 | Lair:1   | Identified a scroll of acquirement
 16353 | Lair:1   | Reached skill level 1 in Shields
 16407 | Lair:1   | Noticed Nergalle
 16417 | Lair:1   | Killed Nergalle
 17219 | Lair:2   | Found a staircase to the Swamp.
 17376 | Lair:2   | Noticed Erica
 17385 | Lair:2   | Killed Erica
 17567 | Lair:2   | Reached skill level 19 in Stealth
 17802 | Lair:3   | Noticed Sonja
 18022 | Lair:3   | Killed Sonja
 18678 | Lair:3   | Found a frozen archway.
 18694 | IceCv    | Entered an ice cave
 19239 | IceCv    | Killed from afar by an ice statue

Skill      XL: |  1  2  3  4  5  6  7  8  9 10 11 12 |
---------------+-------------------------------------+-----
Stealth        | 5 6 7 8 9 10 12 13 18 19 | 19.4
Spellcasting   | 3 4 5 6 8 |  8.1
Hexes          | 4 5 6 7 8 |  8.0
Dodging        | 4 5 8 10 12 13 | 13.3
Fighting       | 1 3 4 |  4.7
Charms         | 3 4 5 |  5.2
Short Blades   | 3 5 6 |  6.0
Necromancy     | 1 |  1.0
Conjurations   | 1 |  1.1
Ice Magic      | 1 |  1.1
Evocations     | 2 5 6 |  6.4
Shields        | 4 |  4.0

Action                   |  1- 3 |  4- 6 |  7- 9 | 10-12 || total
-------------------------+-------+-------+-------+-------++-------
Melee: Dagger            |   100 |   114 |   189 |   339 ||   742
       Scimitar          |       |       |       |    10 ||    10
Throw: Tomahawk          |     8 |     3 |       |     9 ||    20
 Cast: Corona            |    20 |       |       |       ||    20
       Ensorcelled Hiber |    16 |    61 |   115 |   238 ||   430
       Confuse           |       |    13 |    15 |    67 ||    95
       Tukima's Dance    |       |     1 |     3 |     7 ||    11
       Regeneration      |       |       |     1 |       ||     1
       Dazzling Spray    |       |       |       |    21 ||    21
Evoke: Wand              |       |       |       |     5 ||     5
  Use: Scroll            |       |       |    11 |     7 ||    18
       Potion            |       |       |     1 |     1 ||     2
 Stab: Sleeping          |    17 |    35 |    86 |   152 ||   290
       Confused          |       |     8 |    11 |    36 ||    55
       Distracted        |       |     1 |     2 |     6 ||     9
       Invisible         |       |       |       |     4 ||     4
  Eat: Ration            |       |     3 |     3 |     4 ||    10
Armor: Robe              |     7 |    10 |     5 |     1 ||    23
Dodge: Dodged            |    68 |   104 |   110 |   267 ||   549
Block: Buckler           |       |       |       |    29 ||    29
       Rpst.: Scimitar   |       |       |       |     3 ||     3
